 Dungeon Crawl Stone Soup version 0.18-a0-659-gb9673d2 (webtiles) character file.

30 Yakui the Sneak (level 3, -1/18 HPs)
             Began as a Vine Stalker Assassin on Dec 5, 2015.
             Slain by a kobold
             ... wielding a +0 dagger
              (4 damage)
             ... on level 2 of the Dungeon.
             The game lasted 00:03:18 (910 turns).

Yakui the Sneak (Vine Stalker Assassin)              Turns: 910, Time: 00:03:18

Health: -1/18      AC:  3    Str: 13    XL:     3   Next: 20%
Magic:  0/4        EV: 11    Int: 11    God:
Gold:   35         SH:  0    Dex: 18    Spells: 0 memorised, 2 levels left

rFire  . . .     SeeInvis .     a - +2 dagger
rCold  . . .     Clarity  .     c - +0 robe
rNeg   . . .     SustAt   .     (no shield)
rPois  .         Gourm    +     (no helmet)
rElec  .         Spirit   +     d - +0 cloak
rCorr  .         Dismiss  .     (no gloves)
rMut   .         Stasis   .     (no boots)
MR     .....                    n - amulet of the gourmand
Stlth  +++.......               (no ring)
                                l - +2 ring of dexterity

@: slowed, very slow, not resistant to hostile enchantments, fairly stealthy
A: fangs 2, regeneration 1, magic shield, antimagic bite, no device heal 3, rot
immunity
a: no special abilities


You were on level 2 of the Dungeon.
You were not hungry.

You visited 1 branch of the dungeon, and saw 2 of its levels.

You collected 35 gold pieces.

Inventory:

Hand Weapons
 a - a +2 dagger (weapon)
 b - a +0 blowgun
Missiles
 e - 8 poisoned needles
 f - 2 curare-tipped needles
Armour
 c - a +0 robe (worn)
 d - a +0 cloak (worn)
Jewellery
 l - a +2 ring of dexterity (left hand)
 n - an amulet of the gourmand (around neck)
Scrolls
 h - a scroll of noise {unknown}
 m - a scroll of identify {unknown}
Potions
 i - a potion of mutation {unknown}
 k - a potion of might {unknown}
Comestibles
 g - 2 bread rations
 j - 2 meat rations
 o - a slice of pizza


   Skills:
 - Level 1.7 Fighting
 * Level 2.8 Short Blades
 - Level 1.7 Throwing
 - Level 0.7 Dodging
 + Level 5.3 Stealth


You had 2 spell levels left.
You didn't know any spells.

Dungeon Overview and Level Annotations

Branches:
Dungeon (2/15)

Altars:

Annotations:
D:2 Natasha


Innate Abilities, Weirdness & Mutations

You have extremely sharp teeth.
Your natural rate of healing is unusually fast.
When hurt, damage is shared between your health and your magic reserves.
Your bite disrupts and absorbs the magic of your enemies.
Potions and wands cannot restore your health.
You are immune to rotting.


Message History

Here: Natasha, carrying a wand of confusion {zapped: 6} The floor.
Natasha zaps a wand.
You resist with some effort. The kobold barely misses you.
The kobold hits you but does no damage.
Natasha casts a spell.
You bump into the rock wall.
The kobold hits you with a dagger.
Natasha casts a spell.
The kobold hits you with a dagger.
* * * LOW HITPOINT WARNING * * *
You bump into the rock wall.
You feel less confused.
The crimson imp blinks!
The kobold hits you with a dagger.
* * * LOW HITPOINT WARNING * * *
The kobold hits you but does no damage. The kobold hits you with a dagger.
* * * LOW HITPOINT WARNING * * *
The crimson imp hits you.
* * * LOW HITPOINT WARNING * * *
The kobold hits you with a dagger.
You die...

#.####..#..
#########.#........
..........#.##..#.##
######.#.......#...
#....h.#.....#(#...
#.h###.#...#.#.#...
..####.g......%.#.#.#.##
.......K5...............
..####.@###.#.....#.#.##
#..............#.##
##.###.........#...
...........#..#...
...........#..#...
#.........?........
##+####.#+#....##.. P.
.... #.. ... #..


You could see Natasha, a crimson imp, a hobgoblin and a kobold.

Vanquished Creatures
  A giant gecko (D:2)
  4 giant cockroaches
  3 hobgoblins
  5 kobolds
  A ball python (D:1)
  5 bats (D:1)
  2 giant newts
  5 goblins
  5 rats
31 creatures vanquished.

Notes
Turn   | Place    | Note
--------------------------------------------------------------
     0 | D:1      | Yakui the Vine Stalker Assassin began the quest for the Orb.
     0 | D:1      | Reached XP level 1. HP: 11/11 MP: 2/2
   113 | D:1      | Reached skill level 5 in Stealth
   218 | D:1      | Reached XP level 2. HP: 15/15 MP: 3/3
   779 | D:2      | Reached XP level 3. HP: 18/18 MP: 4/4
   881 | D:2      | Noticed Natasha
   910 | D:2      | Slain by a kobold

Vault maps used:
D:1:      tarquinn_simple_flora_water_e
D:2:      lightli_temple_of_fire, hangedman_decor_peaks_small, fedhas_altar_3,
          uniq_natasha

Action                   || total
-------------------------++-------
Melee: Dagger            ||    69
 Stab: Sleeping          ||     8
       Distracted        ||     2
  Eat: Chunk             ||     5
